 Dungeon Crawl Stone Soup version 0.30-a0-867-g305f33218d (webtiles) character file.

Game seed: 16003006418331505629

103 cforsyth the Magician (level 4, -8/24 HPs)
             Began as a Deep Elf Earth Elementalist on Mar 10, 2023.
             Killed by divine providence
             ... invoked by an orc priest
              (14 damage)
             ... on level 3 of the Dungeon.
             The game lasted 00:02:25 (1871 turns).

cforsyth the Magician (Deep Elf Earth Elementalist) Turns: 1871, Time: 00:02:26

Health: -8/24      AC:  3    Str:  5    XL:     4   Next: 51%
Magic:  6/13       EV: 12    Int: 22    God:
Gold:   157        SH:  0    Dex: 15    Spells: 12/13 levels left

rFire   . . .      SeeInvis .    (no weapon)
rCold   . . .      Faith    .    (no shield)
rNeg    . . .      Spirit   .    a - +0 robe
rPois   .          Reflect  .    g - +0 helmet
rElec   .          Rampage  .    (no cloak)
rCorr   .                        (no gloves)
Will    .....                    (no boots)
Stlth   ++                       (no amulet)
HPRegen 0.24/turn                (no ring)
MPRegen 0.13/turn                (no ring)

@: no status effects
A: no striking features
a: no special abilities


You were on level 3 of the Dungeon.
You visited 1 branch of the dungeon, and saw 3 of its levels.

You collected 157 gold pieces.

Inventory:

Armour
 a - a +0 robe (worn)
 g - a +0 helmet (worn)
Jewellery
 l - a +6 ring of dexterity
Wands
 k - a wand of iceblast (10)
Scrolls
 c - a scroll of enchant armour {unknown}
 d - a scroll of fear {unknown}
Potions
 b - a potion of magic
 e - a potion of heal wounds {unknown}
 f - a potion of curing {unknown}
 h - 2 potions of lignification {unknown}
 i - a potion of attraction {unknown}
 j - a potion of degeneration {unknown}


   Skills:
 - Level 2.4 Dodging
 - Level 2.4 Stealth
 + Level 5.0 Spellcasting
 - Level 1.1 Transmutations
 + Level 4.8 Earth Magic


You had 12 spell levels left.
You knew the following spells:

 Your Spells              Type           Power      Damage    Failure   Level
a - Sandblast             Erth           52%        2d12      1%          1

Your spell library contained the following spells:

 Spells                   Type           Power      Damage    Failure   Level
 Passwall                 Tmut/Erth      15%        N/A       4%          2
 Stone Arrow              Conj/Erth      32%        3d9       12%         3
 Petrify                  Tmut/Erth      18%        N/A       30%         4
 Animate Dead             Necr           5%         N/A       69%         4
 Manifold Assault         Tloc           5%         N/A       69%         4
 Iron Shot                Conj/Erth      8%         9d3       99%         6
 Dispersal                Tloc           2%         N/A       100%        6
 Disjunction              Tloc           2%         N/A       100%        8
 Lehudib's Crystal Spear  Conj/Erth      8%         10d3      100%        8


Dungeon Overview and Level Annotations

Branches:
Dungeon (3/15)

Altars:


Message History

Press: ? - help, Shift-Dir - straight line, f - orc
Aim: an orc, wielding a +0 dagger and wearing a +0 scale mail (wandering, hasn't noticed you, 85% to hit)
The blast of sand hits the orc but does no damage.
The orc shouts!
The orc hits you with a +0 dagger.
Casting: Sandblast (safe; 1% risk of failure)
Confirm with . or Enter, or press ? or * to list all spells.
Aiming: Sandblast (safe; 1% risk of failure)
Press: ? - help, Shift-Dir - straight line, f/p - orc
Aim: an orc, wielding a +0 dagger and wearing a +0 scale mail (85% to hit)
The blast of sand hits the orc but does no damage.
The orc hits you with a +0 dagger.
Casting: Sandblast (safe; 1% risk of failure)
Confirm with . or Enter, or press ? or * to list all spells.
Aiming: Sandblast (safe; 1% risk of failure)
Press: ? - help, Shift-Dir - straight line, f/p - orc
Aim: an orc, wielding a +0 dagger and wearing a +0 scale mail (85% to hit)
The blast of sand hits the orc!
You kill the orc!
An orc priest comes into view. It is wielding a +0 club.
Casting: Sandblast (safe; 1% risk of failure)
Confirm with . or Enter, or press ? or * to list all spells.
Aiming: Sandblast (safe; 1% risk of failure)
Press: ? - help, Shift-Dir - straight line, f - orc priest
Aim: an orc priest, wielding a +0 club and wearing a +0 scale mail (85% to hit)
The blast of sand hits the orc priest.
The orc priest is lightly wounded.
The orc priest hits you with a +0 club.
* * * LOW HITPOINT WARNING * * *
Casting: Sandblast (safe; 1% risk of failure)
Confirm with . or Enter, or press ? or * to list all spells.
Aiming: Sandblast (safe; 1% risk of failure)
Press: ? - help, Shift-Dir - straight line, f/p - orc priest
Aim: an orc priest, wielding a +0 club and wearing a +0 scale mail (lightly wounded, 85% to hit)
The blast of sand hits the orc priest!
The orc priest is severely wounded.
The orc priest calls down the wrath of Beogh upon you.
Beogh smites you!
Ouch! That really hurt!
You die...

# #### . ..# # #.##########
####.#........############
.......######.##.)...o...#
###...#######.##o#######o..
###...........##@#######
.##...######............
#.##### #............# ##.#
#..###.#####.# #.## #..#
#.# .## #..# #.# ## #...
... # #.## ... #. ...#


You could see an orc priest.

Vanquished Creatures
  An orc priest (D:3)
  2 adders (D:2)
  A dart slug (D:1)
  6 orcs (D:3)
  9 endoplasms
  5 goblins
  3 hobgoblins
  4 jackals (D:2)
  2 quokkas
  2 ball pythons
  3 bats (D:1)
  3 frilled lizards
  2 kobolds (D:1)
  2 rats (D:2)
45 creatures vanquished.

Notes
Turn   | Place    | Note
-------+----------+-------------------------------------------
     0 | D:1      | cforsyth the Deep Elf Earth Elementalist began the quest
                  | for the Orb.
     0 | D:1      | Reached XP level 1. HP: 10/10 MP: 6/6
   198 | D:1      | Reached XP level 2. HP: 12/15 MP: 5/8
   320 | D:1      | Got the Catalogue of Undead Metal
   392 | D:1      | Found a faded altar of an unknown god.
   590 | D:1      | Reached skill level 4 in Spellcasting
   915 | D:2      | Reached XP level 3. HP: 19/19 MP: 8/10
  1603 | D:3      | Reached XP level 4. HP: 24/24 MP: 8/12
  1860 | D:3      | Reached skill level 5 in Spellcasting
  1871 | D:3      | Killed from afar by an orc priest

Illustrated notes

Levels and vault maps discovered:
D:1:      dpeg_arrival_radiant, layout_basic,
          shapermc_ecumenical_altar_mp_highgroup, hex_intersection
D:2:      layout_loops_ring, minmay_tetromino_s2
D:3:      layout_loops_ring, grunt_decor_arrowhead, dk_vineyard_2,
          minmay_quadrilaterals, uniq_terence

Skill      XL: |  1  2  3  4 |
---------------+-------------+-----
Spellcasting   | 4 5 |  5.0
Earth Magic    | 4 |  4.8
Dodging        | |  2.4
Stealth        | |  2.4
Transmutations | |  1.1

Action                     |  1- 3 |  4- 6 || total
---------------------------+-------+-------++-------
   Cast: Sandblast         |    50 |    13 ||    63
 Armour: Robe              |     4 |       ||     4
  Dodge: Dodged            |     8 |     1 ||     9

Table legend: (Time is in decaauts)
 A = Elapsed time spent in this place.
 B = Non-inter-level travel time spent in this place.
 C = Inter-level travel time spent in this place.
 D = Time resting spent in this place.
 E = Time spent auto-exploring this place.
 F = Levels seen in this place.
 G = Mean time per level.
                   A        B        C        D        E       F      G
               +--------+--------+--------+--------+--------+-----+--------+
         Total |   1901 |   1820 |     81 |      8 |   1578 |   3 |  633.7 |
       Dungeon |   1901 |   1820 |     81 |      8 |   1578 |   3 |  633.7 |
               +--------+--------+--------+--------+--------+-----+--------+

Top non-repeatable levels by time:
     D:1: 814 daAuts
     D:2: 777 daAuts
     D:3: 310 daAuts
